 Dungeon Crawl Stone Soup version 0.30-a0-629-gd54f4be4f7 (webtiles) character file.

Game seed: 9018549573800347555

11788 Heh the Severer (level 11, 0/99 HPs)
             Began as a Hill Orc Monk on Jan 13, 2023.
             Killed by divine providence
             ... invoked by an orc priest
              (13 damage)
             ... on level 1 of the Orcish Mines.
             The game lasted 00:22:23 (12319 turns).

Heh the Severer (Hill Orc Monk)                    Turns: 12319, Time: 00:22:24

Health: 0/99       AC: 22    Str: 19    XL:     11   Next: 83%
Magic:  11/11      EV:  8    Int: 10    God:
Gold:   526        SH:  0    Dex: 13    Spells: 6/10 levels left

rFire   . . .      SeeInvis +    g - +0 battleaxe (heavy)
rCold   . . .      Faith    .    (shield currently unavailable)
rNeg    . . .      Spirit   .    G - +2 chain mail
rPois   .          Reflect  .    Q - +2 helmet
rElec   .          Harm     .    (no cloak)
rCorr   .          Rampage  .    u - +0 pair of gloves
Will    .....                    A - +0 pair of boots Stlth
                                 (no amulet)
HPRegen 0.36/turn                C - +4 ring of protection
MPRegen 0.12/turn                D - ring of see invisible

@: lethally poisoned (0 -> -2)
A: no striking features
a: Convert to Beogh


You were on level 1 of the Orcish Mines.
You visited 3 branches of the dungeon, and saw 13 of its levels.
You visited the Abyss 1 time.
You also visited: Sewer.

You collected 701 gold pieces.
You spent 175 gold pieces at shops.

Inventory:

Hand Weapons
 f - a +2 dagger of distortion
 g - a +0 heavy battleaxe (weapon)
 r - a +2 short sword of flaming
 J - a +0 war axe
 L - a +0 dagger of holy wrath
 M - a +0 falchion of flaming
 Z - a +1 hand axe of electrocution
Missiles
 h - 6 curare-tipped darts
 K - 2 silver javelins (quivered)
 S - 49 poisoned darts
Armour
 m - a +0 plate armour
 u - a +0 pair of gloves (worn)
 A - a +0 pair of boots (worn)
 G - a +2 chain mail (worn)
 I - a +0 kite shield
 N - a +2 leather armour of fire resistance
 Q - a +2 helmet (worn)
Jewellery
 n - a ring of poison resistance
 C - a +4 ring of protection (left hand)
 D - a ring of see invisible (right hand)
 T - a ring of protection from cold
Wands
 e - a wand of mindburst (10)
 p - a wand of acid (20)
 H - a wand of paralysis (5)
 U - a wand of roots (7)
 W - a wand of flame (23)
Scrolls
 a - 3 scrolls of amnesia {unknown}
 d - 4 scrolls of fog
 i - 3 scrolls of immolation {unknown}
 j - 2 scrolls of enchant armour
 l - 4 scrolls of blinking
 o - 6 scrolls of enchant weapon
 q - 9 scrolls of teleportation
 s - 2 scrolls of magic mapping
 y - 4 scrolls of poison
 B - a scroll of fear
 E - a scroll of silence
 R - 2 scrolls of noise {unknown}
 Y - 4 scrolls of identify
Potions
 b - a potion of heal wounds
 c - a potion of haste
 k - 2 potions of brilliance
 t - a potion of berserk rage {unknown}
 v - a potion of resistance
 w - 2 potions of attraction
 x - 6 potions of lignification
 z - a potion of flight
 O - 2 potions of might
 P - a potion of curing
 X - a potion of magic
Miscellaneous
 F - a piece from Xom's chessboard (15/15)


   Skills:
 + Level 10.1 Fighting
 - Level 19.9(20.0) Axes
 - Level 1.4(11.2) Maces & Flails
 - Level 6.1 Armour
 - Level 2.4 Dodging
 - Level 1.5 Stealth


You had 6 spell levels left.
You knew the following spells:

 Your Spells              Type           Power      Damage    Failure   Level
a - Apportation           Tloc           0%         N/A       98%         1
b - Mephitic Cloud        Conj/Pois/Air  0%         N/A       100%        3

Your spell library contained the following spells:

 Spells                   Type           Power      Damage    Failure   Level
 Magic Dart               Conj           0%         1d3       98%         1
 Necrotise                Necr           0%         1d4       98%         1
 Summon Small Mammal      Summ           0%         N/A       98%         1
 Call Imp                 Summ           0%         N/A       99%         2
 Dazzling Flash           Conj/Hex       0%         N/A       100%        3
 Gell's Gravitas          Tloc           0%         N/A       100%        3
 Lesser Beckoning         Tloc           0%         N/A       100%        3
 Teleport Other           Tloc           0%         N/A       100%        3
 Iskenderun's Mystic Bla  Conj/Tloc      0%         2d3       100%        4
 Iskenderun's Battlesphe  Conj           0%         2d6       100%        5
 Iron Shot                Conj/Erth      0%         9d1       100%        6
 Starburst                Conj/Fire      0%         6d3       100%        6
 Spellforged Servitor     Conj/Summ      0%         N/A       100%        7


Dungeon Overview and Level Annotations

Branches:
Dungeon (11/15)            Temple (1/1) D:4             Orc (1/2) D:11
  Sewer (visited)
   Lair: D:8-11

Altars:
Ashenzari
Cheibriados
Dithmenos
Elyvilon
Fedhas
Gozag
Hepliaklqana
Kikubaaqudgha
Makhleb
Nemelex Xobeh
Okawaru
Qazlal
Ru
Sif Muna
Trog
Uskayaw
Vehumet
Wu Jian
Xom
Yredelemnul
Zin
The Shining One

Shops:
D:1 *   D:4 ?   D:7 :   Orc:1 (

Annotations:
D:1 1 transporter
D:10 Urug
Orc:1 Josephine


Message History

The orc wizard hits you but does no damage.
You are more poisoned.
The orc priest barely misses you.
The orc priest mumbles some strange prayers to Beogh against you.
Beogh smites you! The orc attacks as you move away!
The orc hits you but does no damage.
You feel sick.
A warg comes into view.
You feel sick.
You feel sick.
The orc wizard attacks as you move away!
The orc wizard barely misses you.
Found 28 gold pieces.
You feel sick. The warg bites you. The warg bites you!
The warg attacks as you move away! The warg bites you.
You feel sick.
The orc wizard attacks as you move away!
The orc wizard hits you but does no damage.
You are more poisoned.
You feel very sick.
The orc priest mumbles some strange prayers to Beogh against you.
Beogh smites you!
* * * LOW HITPOINT WARNING * * *
The orc wizard attacks as you move away!
The orc wizard barely misses you.
You feel sick.
You feel sick. The warg bites you but does no damage.
The orc wizard casts a spell.
The orc wizard flickers and vanishes for a moment.
The warg attacks as you move away! The warg barely misses you.
You feel sick. The warg attacks as you move away!
The warg bites you but does no damage.
You feel sick.
You feel sick. The warg bites you but does no damage.
The orc priest calls down the wrath of Beogh upon you.
Beogh smites you!
* * * LOW HITPOINT WARNING * * *
You are mildly poisoned (13 -> 11).
Your movement speed is average.
Your attack delay is about 1.0 (and cannot be improved with additional weapon skill).
Your damage rating with your +0 heavy battleaxe is about 54 (Base [15 + 12 (Hvy)] x 122% (Str) x 163% (Skill)).
Okay, then.
You feel sick.
The orc priest mumbles some strange prayers to Beogh against you.
Beogh smites you!
You die...

***,,,,,,,*,,,....,,,,
*#.,,,,,***,.....,,*
#.>.$..**##.....,**
##.,....,##......###
##..,,...##........#.
#...,,,...#.....#....
#...,,**#.......#>O..
**#...#####....##*##o..
*.#...@h#.......####..W
*#......o.ooWW...#.#.oW
###.......#..o....W♣..
##......###....♣.∩.♣
##......####....♣..
###.#### ####.#.. *...*
*,..### ##### *####


You could see 2 wraiths, a warg, an orc warrior, an orc priest and an orc wizard
(invisible).

Vanquished Creatures
  A boulder beetle (D:11)
  A centaur warrior (D:9)
  2 two-headed ogres
  Sonja (D:10)
  A cyclops (D:11)
  A gargoyle (D:11)
  4 kobold demonologists
  Psyche (D:10)
  4 trolls
  A hornet (D:9)
  2 shadows (D:11)
  5 yaks (D:8)
  Eustachio (D:5)
  2 vampire mosquitoes (D:7)
  An acid dragon (D:9)
  Duvessa (D:5)
  A water moccasin (Sewer)
  6 orc warriors
  2 wolves (D:10)
  An ogre (D:6)
  8 kobold brigands
  3 centaurs
  2 bullfrogs (D:7)
  A necrophage (D:6)
  4 wights (D:8)
  Dowan (D:5)
  21 killer bees
  3 howler monkeys
  4 jellies
  7 hounds
  5 orc priests
  A gnoll bouda (D:4)
  2 iguanas
  7 orc wizards
  Robin (D:2)
  2 gnolls
  2 river rats (D:6)
  6 adders
  A shadow imp (D:5)
  3 white imps
  3 ufetubi
  2 worms
  3 dart slugs (D:1)
  55 orcs
  7 ball pythons
  2 bats
  9 endoplasms
  2 giant cockroaches
  19 goblins
  15 hobgoblins
  4 jackals
  36 kobolds
  4 quokkas
  7 frilled lizards
  9 rats
300 creatures vanquished.

Notes
Turn   | Place    | Note
-------+----------+-------------------------------------------
     0 | D:1      | Heh the Hill Orc Monk began the quest for the Orb.
     0 | D:1      | Reached XP level 1. HP: 19/19 MP: 1/1
   234 | D:1      | Reached XP level 2. HP: 24/27 MP: 2/2
   357 | D:1      | Found Zazit's General Store.
   397 | D:1      | Reached skill level 5 in Axes
   496 | D:1      | Reached XP level 3. HP: 33/33 MP: 3/3
  1203 | D:2      | Reached skill level 6 in Axes
  1257 | D:2      | Found an iron altar of Okawaru.
  1288 | D:2      | Reached XP level 4. HP: 40/40 MP: 4/4
  1330 | D:2      | Noticed Robin
  1349 | D:2      | Killed Robin
  1357 | D:2      | Reached skill level 1 in Armour
  1724 | D:2      | Found a faded altar of an unknown god.
  2302 | D:3      | Found a white marble altar of Elyvilon.
  2326 | D:3      | Reached XP level 5. HP: 46/46 MP: 5/5
  3026 | D:4      | Reached skill level 1 in Maces & Flails
  3341 | D:4      | Found a staircase to the Ecumenical Temple.
  3355 | Temple   | Entered the Ecumenical Temple
  3553 | D:4      | Found a glowing golden altar of the Shining One.
  3570 | D:4      | Reached skill level 7 in Axes
  3642 | D:4      | Found an iron altar of Okawaru.
  3742 | D:4      | Found Dozas's Magic Scroll Boutique.
  3748 | D:4      | Bought a scroll of enchant weapon for 105 gold pieces
  3748 | D:4      | Bought a scroll of identify for 28 gold pieces
  3748 | D:4      | Bought a scroll of teleportation for 42 gold pieces
  3819 | D:5      | Entered Level 5 of the Dungeon
  3842 | D:5      | Reached XP level 6. HP: 37/52 MP: 6/6
  4121 | D:5      | Noticed Dowan
  4123 | D:5      | Noticed Duvessa
  4127 | D:5      | Noticed Eustachio
  4277 | D:5      | Killed Duvessa
  4278 | D:5      | Reached skill level 8 in Axes
  4308 | D:5      | Killed Dowan
  4309 | D:5      | Reached XP level 7. HP: 16/59 MP: 7/7
  4533 | D:5      | Paralysed by Eustachio for 5 turns
  4541 | D:5      | Killed Eustachio
  4542 | D:5      | Reached skill level 9 in Axes
  5311 | D:6      | Found a glowing drain.
  5338 | Sewer    | Entered a sewer
  5491 | Sewer    | Reached skill level 10 in Axes
  5491 | Sewer    | Reached skill level 5 in Armour
  5491 | Sewer    | Reached XP level 8. HP: 54/66 MP: 8/8
  5713 | D:6      | Reached skill level 11 in Axes
  6322 | D:6      | Learned a level 1 spell: Apportation
  6356 | D:6      | Reached skill level 12 in Axes
  6499 | D:7      | Found Fytsud's Self-Improvement Boutique.
  6582 | D:7      | HP: 4/99 [killer bee (5)]
  6588 | D:7      | HP: 3/99 [killer bee (2)]
  6836 | D:7      | Reached skill level 13 in Axes
  6899 | D:7      | Noticed a two-headed ogre
  6905 | D:7      | Killed a two-headed ogre
  6906 | D:7      | Reached skill level 14 in Axes
  6906 | D:7      | Reached XP level 9. HP: 69/71 MP: 9/9
  6992 | D:7      | Reached skill level 15 in Axes
  8064 | D:8      | Reached skill level 16 in Axes
  8155 | D:8      | Reached XP level 10. HP: 36/78 MP: 10/10
  8167 | D:8      | Reached skill level 17 in Axes
  8388 | D:8      | Found a shimmering blue altar of Sif Muna.
  8668 | D:9      | Noticed a centaur warrior
  8679 | D:9      | Killed a centaur warrior
  8879 | D:9      | Reached skill level 18 in Axes
  9375 | D:9      | Found a shadowy altar of Dithmenos.
  9578 | D:10     | Entered Level 10 of the Dungeon
  9620 | D:10     | Noticed a kobold demonologist
  9621 | D:10     | Found a radiant altar of Vehumet.
  9625 | D:10     | Killed a kobold demonologist
  9628 | D:10     | Noticed a kobold demonologist
  9628 | D:10     | Noticed a kobold demonologist
  9629 | D:10     | Noticed a smoke demon
  9633 | D:10     | Noticed a rust devil
  9638 | D:10     | Killed a kobold demonologist
  9639 | D:10     | Reached skill level 19 in Axes
  9641 | D:10     | Killed a kobold demonologist
  9642 | D:10     | Reached XP level 11. HP: 66/84 MP: 11/11
  9788 | D:10     | Noticed Psyche
  9795 | D:10     | Killed Psyche
 10288 | D:10     | Reached skill level 5 in Fighting
 10295 | D:10     | Noticed Sonja
 10298 | Abyss:1  | Cast into level 1 of the Abyss (Sonja)
 10433 | D:10     | Escaped the Abyss
 10443 | D:10     | Killed Sonja
 10700 | D:10     | Noticed Urug
 10886 | D:11     | Found a staircase to the Orcish Mines.
 11162 | D:11     | Noticed a boulder beetle
 11172 | D:11     | Killed a boulder beetle
 11215 | D:11     | Learned a level 3 spell: Mephitic Cloud
 11278 | D:11     | Noticed a cyclops
 11291 | D:11     | Killed a cyclops
 11676 | D:11     | Noticed a two-headed ogre
 11685 | D:11     | Killed a two-headed ogre
 11883 | D:11     | Found a hazy altar of Hepliaklqana.
 11883 | D:11     | Found a faded altar of an unknown god.
 11891 | D:11     | Reached skill level 10 in Fighting
 12281 | Orc:1    | Entered Level 1 of the Orcish Mines
 12296 | Orc:1    | Found Echuerchi's Weapon Shop.
 12300 | Orc:1    | Noticed Josephine
 12301 | Orc:1    | Noticed an orc sorcerer
 12319 | Orc:1    | Killed from afar by an orc priest

Illustrated notes

Levels and vault maps discovered:
D:1:      spicycebolla_arrival_transporter_tutorial, layout_loops_corners,
          serial_shops, shop, corexii_leaking_fountain
D:2:      layout_loops_ring, basic_altar,
          hellmonk_ecumenical_altar_pennies_from_heaven, minmay_misc_feat_cross,
          fountainhead, uniq_robin
D:3:      layout_basic, elyvilon_altar_5
D:4:      kennysheep_big_flooded_room, layout_loops_cross,
          overflow_temple_1_default, nicolae_overflow_hidden_temple,
          minmay_temple_entry_slanted, serial_shops, nicolae_square_shop
D:5:      layout_basic, st_stairs_7, kennysheep_generic_room_5, uniq_duvessa,
          uniq_eustachio
D:6:      layout_loops_ring, portal_sewer_entry_b, minmay_fractal_squares_5
D:7:      layout_basic, hangedman_glass_teeth, nicolae_shop_self_help
D:8:      layout_cave_pools, nicolae_sif_muna_condensation
D:9:      nicolae_hitomezashi [nicolae_hito_row, nicolae_hito_row,
          nicolae_hito_row, nicolae_hito_row, nicolae_hito_row,
          nicolae_hito_row, nicolae_hito_row, nicolae_hito_row,
          nicolae_hito_row, nicolae_hito_row, nicolae_hito_row,
          nicolae_hito_row, nicolae_hito_row, nicolae_hito_row,
          nicolae_hito_row, nicolae_hito_row, nicolae_hito_row,
          nicolae_hito_row], layout_rooms, mainiacjoe_overflow_brackets
D:10:     layout_loops_ring, vehumet_crystals, erik_lair_island, uniq_urug,
          uniq_sonja, uniq_psyche
D:11:     layout_basic, hiddenorc2_lemuel, nrook_mini_backslash,
          beargit_hepliaklqana_dungeon_heroes
Temple:   regret_index_temple_sphere_string
Orc:1:    layout_diamond_mine, serial_shops, nicolae_shop_trees, uniq_josephine

Skill      XL: |  1  2  3  4  5  6  7  8  9 10 11 |
---------------+----------------------------------+-----
Fighting       | 4 10 | 10.1
Axes           | 5 6 7 8 10 14 16 19 | 19.9
Armour         | 1 2 3 5 6 |  6.1
Maces & Flails | 1 |  1.4
Dodging        | |  2.4
Stealth        | |  1.5

Action                   |  1- 3 |  4- 6 |  7- 9 | 10-12 || total
-------------------------+-------+-------+-------+-------++-------
Melee: Hand axe          |   108 |   231 |       |       ||   339
       Punch             |     2 |     4 |       |       ||     6
       Whip              |       |    82 |       |       ||    82
       War axe           |       |    15 |   109 |       ||   124
       Battleaxe         |       |       |    87 |   243 ||   330
Throw: Javelin           |       |     2 |    10 |     1 ||    13
       Throwing net      |       |       |     1 |       ||     1
Evoke: Wand              |       |       |     3 |       ||     3
  Use: Scroll            |       |     4 |    11 |     4 ||    19
       Potion            |       |     2 |    10 |     1 ||    13
 Stab: Sleeping          |     3 |       |       |       ||     3
       Held in net/web   |       |       |     1 |       ||     1
       Invisible         |       |       |       |     1 ||     1
       Fleeing           |       |       |       |     1 ||     1
Armor: Scale mail        |    24 |       |       |       ||    24
       Ring mail         |     4 |       |       |       ||     4
       Plate armour      |     8 |   238 |   306 |   191 ||   743
       Leather armour    |       |       |     7 |       ||     7
       Skin              |       |       |    12 |       ||    12
       Chain mail        |       |       |       |    15 ||    15
Dodge: Dodged            |    37 |    69 |   122 |    89 ||   317

Table legend: (Time is in decaauts)
 A = Elapsed time spent in this place.
 B = Non-inter-level travel time spent in this place.
 C = Inter-level travel time spent in this place.
 D = Time resting spent in this place.
 E = Time spent auto-exploring this place.
 F = Levels seen in this place.
 G = Mean time per level.
                   A        B        C        D        E       F      G
               +--------+--------+--------+--------+--------+-----+--------+
         Total |  12408 |  12044 |    364 |    977 |   8826 |  15 |  827.2 |
       Dungeon |  11812 |  11448 |    364 |    882 |   8435 |  11 | 1073.8 |
        Temple |    150 |    150 |      0 |      0 |    126 |   1 |  150.0 |
  Orcish Mines |     37 |     37 |      0 |      0 |      0 |   1 |   37.0 |
         Abyss |    140 |    140 |      0 |      0 |    130 |   1 |  140.0 |
         Sewer |    267 |    267 |      0 |     95 |    134 |   1 |  267.0 |
               +--------+--------+--------+--------+--------+-----+--------+

Top non-repeatable levels by time:
    D:11: 1570 daAuts
     D:7: 1368 daAuts
     D:1: 1191 daAuts
     D:5: 1180 daAuts
     D:4: 1103 daAuts
     D:6: 1053 daAuts
    D:10: 1007 daAuts
     D:9: 928 daAuts
     D:2: 925 daAuts
     D:8: 830 daAuts
     D:3: 653 daAuts
   Sewer: 267 daAuts
  Temple: 150 daAuts
 Abyss:1: 140 daAuts
   Orc:1: 37 daAuts
